SAA
LITTLE CAESARS HOT N READYS @ LONG ISLAND SEAWOLVES
08/19/2024
 
TOP OF THE 1ST
Little Caesars Hot N Readys batting - Pitching for Long Island Seawolves : LHP Jim Unknown
Pitching: LHP Jim Unknown
Batting: LHB César Muńóz 0-0: Ground out 4-3 (Groundball, 4)
Batting: RHB Young-hwan Hyon 0-0: Called Strike
0-1: Ball
1-1: Ball
2-1: Ball
3-1: Foul Ball, location: 2F
3-2: Foul Ball, location: 2F
3-2: Base on Balls
Batting: LHB Andrés Chávez 0-0: Called Strike
0-1: Hit by Pitch
Young-hwan Hyon to second
Batting: RHB Mo Zhou 0-0: Foul Ball, location: 2F
0-1: 3-RUN HOME RUN (Flyball, 7LD), Distance : 335 ft
Batting: SHB Ryan Forrest 0-0: Foul Ball, location: 2F
0-1: Ball
1-1: Ball
2-1: Swinging Strike
2-2: Ball
3-2: Ground out 4-3 (Groundball, 4)
Batting: RHB John Thompson 0-0: Ball
1-0: Foul Ball, location: 2F
1-1: SINGLE (Flyball, 8RS)
Batting: RHB Mike Thompson 0-0: Ball
1-0: Ball
2-0: Ball
3-0: Base on Balls
John Thompson to second
Batting: RHB Spencer Curry 0-0: Called Strike
0-1: Ball
1-1: Swinging Strike
1-2: Strikes out swinging
Top of the 1st over - 3 run(s), 2 hit(s), 0 error(s), 2 left on base; Little Caesars 3 - Long Island 0
BOTTOM OF THE 1ST
Long Island Seawolves batting - Pitching for Little Caesars Hot N Readys : LHP Jim Unknown
Pitching: LHP Jim Unknown
Batting: RHB Omar Schuler 0-0: Ball
1-0: Swinging Strike
1-1: Ball
2-1: Called Strike
2-2: Foul Ball, location: 2F
2-2: Foul Ball, location: 2F
2-2: Foul Ball, location: 2F
2-2: Ground out 1-3 (Groundball, 13)
Batting: RHB Manuel Martínez 0-0: Ball
1-0: Ball
2-0: Foul Ball, location: 2F
2-1: Ball
3-1: Base on Balls
Batting: RHB John Burton 0-0: Fly out, F9 (Flyball, 89M)
Batting: RHB Fred Burt 0-0: Ball
1-0: Ball
2-0: Ball
3-0: Called Strike
3-1: Foul Ball, location: 2F
3-2: Ground out 6-3 (Groundball, 6)
Bottom of the 1st over - 0 run(s), 0 hit(s), 0 error(s), 1 left on base; Little Caesars 3 - Long Island 0
TOP OF THE 2ND
Little Caesars Hot N Readys batting - Pitching for Long Island Seawolves : LHP Jim Unknown
Batting: RHB Lorenzo Sabastro 0-0: DOUBLE (Groundball, 5L)
Batting: LHB César Muńóz 0-0: Ground out 1-3 (Groundball, 13S)
Lorenzo Sabastro to third
Batting: RHB Young-hwan Hyon 0-0: Ball
1-0: Ball
2-0: Foul Ball, location: 2F
2-1: Called Strike
2-2: Strikes out swinging
Batting: LHB Andrés Chávez 0-0: Ball
1-0: Ground out 1-3 (Groundball, 25)
Top of the 2nd over - 0 run(s), 1 hit(s), 0 error(s), 1 left on base; Little Caesars 3 - Long Island 0
BOTTOM OF THE 2ND
Long Island Seawolves batting - Pitching for Little Caesars Hot N Readys : LHP Jim Unknown
Batting: RHB Pedro Cruz 0-0: Called Strike
0-1: Ball
1-1: Ball
2-1: Foul Ball, location: 2F
2-2: Fly out, F8 (Flyball, 8LM)
Batting: LHB Keith Alexander 0-0: Ball
1-0: Swinging Strike
1-1: Ball
2-1: Called Strike
2-2: Strikes out swinging
Batting: RHB Arturo Morales 0-0: Called Strike
0-1: Ball
1-1: Ground out 6-3 (Groundball, 6)
Bottom of the 2nd over - 0 run(s), 0 hit(s), 0 error(s), 0 left on base; Little Caesars 3 - Long Island 0
TOP OF THE 3RD
Little Caesars Hot N Readys batting - Pitching for Long Island Seawolves : LHP Jim Unknown
Batting: RHB Mo Zhou 0-0: Foul Ball, location: 2F
0-1: Swinging Strike
0-2: Ball
1-2: Strikes out looking
Batting: SHB Ryan Forrest 0-0: Ball
1-0: Swinging Strike
1-1: Ball
2-1: Swinging Strike
2-2: SINGLE (Line Drive, 34)
Batting: RHB John Thompson 0-0: Ball
1-0: SINGLE (Flyball, 9LM)
Ryan Forrest to second
Runner from 2nd tries for 3rd, OUT!
Batting: RHB Mike Thompson 0-0: Called Strike
0-1: Swinging Strike
0-2: Ball
1-2: Strikes out swinging
Top of the 3rd over - 0 run(s), 2 hit(s), 0 error(s), 1 left on base; Little Caesars 3 - Long Island 0
BOTTOM OF THE 3RD
Long Island Seawolves batting - Pitching for Little Caesars Hot N Readys : LHP Jim Unknown
Batting: RHB José Cervantes 0-0: Ball
1-0: Ball
2-0: Called Strike
2-1: Ball
3-1: Swinging Strike
3-2: Strikes out swinging
Batting: RHB Rafael Canseco 0-0: Called Strike
0-1: Ball
1-1: Fly out, F8 (Flyball, 8RM)
Batting: RHB Omar Schuler 0-0: Swinging Strike
0-1: Called Strike
0-2: Ball
1-2: Ball
2-2: Foul Ball, location: 2F
2-2: Ball
3-2: Base on Balls
Batting: RHB Manuel Martínez 0-0: Ball
1-0: Called Strike
1-1: Ball
2-1: Foul Ball, location: 2F
2-2: Foul Ball, location: 2F
2-2: Ball
3-2: Foul Ball, location: 2F
3-2: Base on Balls
Omar Schuler to second
Batting: RHB John Burton 0-0: Called Strike
0-1: Foul Ball, location: 2F
0-2: Fly out, F7 (Flyball, 7LM)
Bottom of the 3rd over - 0 run(s), 0 hit(s), 0 error(s), 2 left on base; Little Caesars 3 - Long Island 0
TOP OF THE 4TH
Little Caesars Hot N Readys batting - Pitching for Long Island Seawolves : LHP Jim Unknown
Batting: RHB Spencer Curry 0-0: Ball
1-0: Ball
2-0: Ball
3-0: Base on Balls
Batting: RHB Lorenzo Sabastro 0-0: Ball
1-0: Swinging Strike
1-1: Fly out, F8 (Flyball, 8LD)
Batting: LHB César Muńóz 0-0: Ball
1-0: Reached on error, E4 (Groundball, 4)
Spencer Curry to second
Batting: RHB Young-hwan Hyon 0-0: Swinging Strike
0-1: Ball
1-1: Ball
2-1: Swinging Strike
2-2: Ball
3-2: Strikes out swinging
Batting: LHB Andrés Chávez 0-0: Foul Ball, location: 2F
0-1: Ground out U3 (Groundball, 3S)
Top of the 4th over - 0 run(s), 0 hit(s), 1 error(s), 2 left on base; Little Caesars 3 - Long Island 0
BOTTOM OF THE 4TH
Long Island Seawolves batting - Pitching for Little Caesars Hot N Readys : LHP Jim Unknown
Batting: RHB Fred Burt 0-0: Ball
1-0: Ball
2-0: Foul Ball, location: 2F
2-1: Ball
3-1: Called Strike
3-2: SINGLE (Line Drive, 8LS)
Batting: RHB Pedro Cruz 0-0: Ball
1-0: Ball
2-0: Grounds into double play, 5-4-3 (Groundball, 5)
Batting: LHB Keith Alexander 0-0: Ball
1-0: Foul Ball, location: 2F
1-1: Ball
2-1: Foul Ball, location: 2F
2-2: Ball
3-2: Foul Ball, location: 2F
3-2: Foul Ball, location: 2F
3-2: Strikes out swinging
Bottom of the 4th over - 0 run(s), 1 hit(s), 0 error(s), 0 left on base; Little Caesars 3 - Long Island 0
TOP OF THE 5TH
Little Caesars Hot N Readys batting - Pitching for Long Island Seawolves : LHP Jim Unknown
Batting: RHB Mo Zhou 0-0: Ball
1-0: SOLO HOME RUN (Flyball, 9D), Distance : 338 ft
Batting: SHB Ryan Forrest 0-0: Ball
1-0: Ball
2-0: Ball
3-0: Called Strike
3-1: SINGLE (Line Drive, 8RS)
Batting: RHB John Thompson 0-0: Ball
1-0: Ball
2-0: Called Strike
2-1: Called Strike
2-2: Ball
3-2: Base on Balls
Ryan Forrest to second
Batting: RHB Mike Thompson 0-0: SINGLE (Line Drive, 89S)
Ryan Forrest to third
John Thompson to second
Batting: RHB Spencer Curry 0-0: Ball
1-0: Called Strike
1-1: Called Strike
1-2: Foul Ball, location: 2F
1-2: Ball
2-2: Fly out, F7 (Flyball, 78M)
Runner from 3rd tags up, SCORES, no throw
Batting: RHB Lorenzo Sabastro 0-0: Grounds into double play, 6-4-3 (Groundball, 56)
Top of the 5th over - 2 run(s), 3 hit(s), 0 error(s), 1 left on base; Little Caesars 5 - Long Island 0
BOTTOM OF THE 5TH
Long Island Seawolves batting - Pitching for Little Caesars Hot N Readys : LHP Jim Unknown
Batting: RHB Arturo Morales 0-0: Called Strike
0-1: Ball
1-1: Swinging Strike
1-2: Strikes out looking
Batting: RHB José Cervantes 0-0: Called Strike
0-1: Ball
1-1: Ball
2-1: Ball
3-1: Called Strike
3-2: Foul Ball, location: 2F
3-2: Base on Balls
Batting: RHB Rafael Canseco 0-0: Ball
1-0: Called Strike
1-1: Ball
2-1: Foul Ball, location: 2F
2-2: Ball
3-2: Fly out, F7 (Flyball, 7S)
3-2: Fly out, F7 (Flyball, 7S)
Batting: RHB Omar Schuler 0-0: Ball
José Cervantes is caught stealing 2nd base
Bottom of the 5th over - 0 run(s), 0 hit(s), 0 error(s), 0 left on base; Little Caesars 5 - Long Island 0
TOP OF THE 6TH
Little Caesars Hot N Readys batting - Pitching for Long Island Seawolves : LHP Jim Unknown
Pitching: LHP Alejandro Ramos
Batting: LHB César Muńóz 0-0: Ball
1-0: Foul Ball, location: 2F
1-1: Foul Ball, location: 2F
1-2: Foul Ball, location: 2F
1-2: Ball
2-2: Foul Ball, location: 2F
2-2: Foul Ball, location: 2F
2-2: Ball
3-2: Ground out 4-3 (Groundball, 4M)
Batting: RHB Young-hwan Hyon 0-0: Ball
1-0: Ball
2-0: Ball
3-0: Called Strike
3-1: Fly out, F3 (Popup, 34)
Batting: LHB Andrés Chávez 0-0: Swinging Strike
0-1: Ball
1-1: Foul Ball, location: 2F
1-2: Strikes out swinging
Top of the 6th over - 0 run(s), 0 hit(s), 0 error(s), 0 left on base; Little Caesars 5 - Long Island 0
BOTTOM OF THE 6TH
Long Island Seawolves batting - Pitching for Little Caesars Hot N Readys : LHP Jim Unknown
Batting: RHB Omar Schuler 0-0: Ball
1-0: Called Strike
1-1: Ball
2-1: Ground out 6-3 (Groundball, 6)
Batting: RHB Manuel Martínez 0-0: Called Strike
0-1: Ball
1-1: Hit by Pitch
Batting: RHB John Burton 0-0: Grounds into double play, 6-4-3 (Groundball, 6)
Bottom of the 6th over - 0 run(s), 0 hit(s), 0 error(s), 0 left on base; Little Caesars 5 - Long Island 0
TOP OF THE 7TH
Little Caesars Hot N Readys batting - Pitching for Long Island Seawolves : LHP Alejandro Ramos
Batting: RHB Mo Zhou 0-0: Swinging Strike
0-1: Swinging Strike
0-2: Ball
1-2: Foul Ball, location: 2F
1-2: Ball
2-2: Ball
3-2: Base on Balls
Batting: SHB Ryan Forrest 0-0: Fly out, F4 (Line Drive, 4D)
Batting: RHB John Thompson 0-0: Swinging Strike
0-1: Ball
1-1: Called Strike
1-2: Strikes out looking
Batting: RHB Mike Thompson 0-0: Called Strike
0-1: Swinging Strike
0-2: Strikes out swinging
Top of the 7th over - 0 run(s), 0 hit(s), 0 error(s), 1 left on base; Little Caesars 5 - Long Island 0
BOTTOM OF THE 7TH
Long Island Seawolves batting - Pitching for Little Caesars Hot N Readys : LHP Jim Unknown
Batting: RHB Fred Burt 0-0: Ball
1-0: Ball
2-0: Ground out 6-3 (Groundball, 6)
Batting: RHB Pedro Cruz 0-0: Ball
1-0: Fly out, F8 (Flyball, 8LXD)
Batting: LHB Keith Alexander 0-0: Ball
1-0: Called Strike
1-1: Swinging Strike
1-2: Foul Ball, location: 2F
1-2: Foul Ball, location: 2F
1-2: Ball
2-2: Ground out 6-3 (Groundball, 6M)
Bottom of the 7th over - 0 run(s), 0 hit(s), 0 error(s), 0 left on base; Little Caesars 5 - Long Island 0
TOP OF THE 8TH
Little Caesars Hot N Readys batting - Pitching for Long Island Seawolves : LHP Alejandro Ramos
Batting: RHB Spencer Curry 0-0: Called Strike
0-1: Ball
1-1: Ball
2-1: Ball
3-1: Base on Balls
Batting: RHB Lorenzo Sabastro 0-0: Bunted foul
0-1: Sac Bunt - play at first, batter OUT! 1-4
Spencer Curry to second
Batting: LHB César Muńóz 0-0: Ball
1-0: Foul Ball, location: 2F
1-1: Ball
2-1: Ball
3-1: Called Strike
3-2: Strikes out looking
Batting: RHB Young-hwan Hyon 0-0: Foul Ball, location: 2F
0-1: Called Strike
0-2: Ball
1-2: Ball
2-2: Ball
3-2: DOUBLE (Line Drive, 78M)
Spencer Curry scores
Batting: LHB Andrés Chávez 0-0: Ball
1-0: Foul Ball, location: 2F
1-1: Ball
2-1: Called Strike
2-2: Ball
3-2: Strikes out looking
Top of the 8th over - 1 run(s), 1 hit(s), 0 error(s), 1 left on base; Little Caesars 6 - Long Island 0
BOTTOM OF THE 8TH
Long Island Seawolves batting - Pitching for Little Caesars Hot N Readys : LHP Jim Unknown
Pitching: LHP Jim Unknown
Batting: RHB Arturo Morales 0-0: Ground out 5-3 (Groundball, 6S)
Batting: RHB José Cervantes 0-0: Ball
1-0: Foul Ball, location: 2F
1-1: Fly out, F9 (Flyball, 9LM)
Batting: RHB Rafael Canseco 0-0: Ball
1-0: Ball
2-0: Foul Ball, location: 2F
2-1: Ball
3-1: Base on Balls
Batting: RHB Omar Schuler 0-0: Ground out 6-3 (Groundball, 6)
Bottom of the 8th over - 0 run(s), 0 hit(s), 0 error(s), 1 left on base; Little Caesars 6 - Long Island 0
TOP OF THE 9TH
Little Caesars Hot N Readys batting - Pitching for Long Island Seawolves : LHP Alejandro Ramos
Batting: RHB Mo Zhou 0-0: Ball
1-0: Foul Ball, location: 2F
1-1: Ball
2-1: Foul Ball, location: 2F
2-2: SINGLE (Groundball, 6MD)
Batting: SHB Ryan Forrest 0-0: Ball
1-0: Foul Ball, location: 2F
1-1: Ball
2-1: Ball
3-1: Base on Balls
Mo Zhou to second
Batting: RHB John Thompson 0-0: Bunt missed!
0-1: Reached on error, E3 (Groundball, 34S)
Mo Zhou to third
Ryan Forrest to second
Batting: RHB Mike Thompson 0-0: Foul Ball, location: 2F
0-1: Fly out, F9 (Flyball, 9M)
Batting: RHB Spencer Curry 0-0: Ball
Wild Pitch!
Mo Zhou scores
Ryan Forrest to third
John Thompson to second
1-0: Called Strike
1-1: Ball
2-1: Ball
3-1: Called Strike
3-2: SINGLE (Groundball, 56D)
Ryan Forrest scores
John Thompson to third
Runner from 3rd tries for Home, throw and OUT!
Batting: RHB Lorenzo Sabastro 0-0: Ball
1-0: Ball
2-0: Ball
3-0: Called Strike
3-1: SINGLE (Line Drive, 3)
Spencer Curry to second
Runner from 2nd tries for 3rd, SAFE, throw made to third
Lorenzo Sabastro to second
Batting: LHB César Muńóz 0-0: Ball
1-0: Swinging Strike
1-1: Foul Ball, location: 2F
1-2: Foul Ball, location: 2F
1-2: Foul Ball, location: 2F
1-2: Foul Ball, location: 2F
1-2: Foul Ball, location: 2F
1-2: Fly out, F8 (Flyball, 8RM)
Top of the 9th over - 2 run(s), 3 hit(s), 1 error(s), 2 left on base; Little Caesars 8 - Long Island 0
BOTTOM OF THE 9TH
Long Island Seawolves batting - Pitching for Little Caesars Hot N Readys : LHP Jim Unknown
Batting: RHB Manuel Martínez 0-0: Fly out, F2 (Popup, 2RF)
Batting: RHB John Burton 0-0: Ball
1-0: Foul Ball, location: 2F
1-1: DOUBLE (Flyball, 9LD)
Batting: RHB Fred Burt 0-0: Ball
1-0: Foul Ball, location: 2F
1-1: Ground out 4-3 (Groundball, 4)
John Burton to third
Batting: RHB Pedro Cruz 0-0: Ball
1-0: Called Strike
1-1: Foul Ball, location: 2F
1-2: Ball
2-2: Strikes out swinging
Bottom of the 9th over - 0 run(s), 1 hit(s), 0 error(s), 1 left on base; Little Caesars 8 - Long Island 0
This league is powered by Out of the Park Baseball, the baseball management simulation game for PC, Mac and Linux
Monday, October 3rd, 2016 - OOTP Baseball 16.9 Build 39